 Dungeon Crawl Stone Soup version 0.24-a0-201-gf205589 (webtiles) character file.

Game seed: 3889185124738596997

34 Ijustatesigmund the Skirmisher (level 3, 0/26 HPs)
             Began as an Octopode Fighter on Mar 22, 2019.
             Succumbed to a goblin's poison
             ... on level 1 of the Dungeon.
             The game lasted 00:01:20 (417 turns).

Ijustatesigmund the Skirmisher (Octopode Fighter)    Turns: 417, Time: 00:01:21

Health: 0/26       AC:  3    Str: 15    XL:     3   Next: 31%
Magic:  3/3        EV: 12    Int: 10    God:
Gold:   39         SH:  8    Dex: 12    Spells: 2/2 levels left

rFire    . . .     SeeInvis .   a - +0 war axe
rCold    . . .     Gourm    +   b - +0 shield
rNeg     . . .     Faith    .   (helmet restricted)
rPois    .         Spirit   .   f - amulet of the gourmand
rElec    .         Reflect  .   (no ring)
rCorr    .         Harm     .   (no ring)
MR       .....                  (no ring)
Stlth    ++........             (no ring)
HPRegen  0.08/turn              (no ring)
MPRegen  0.08/turn              (no ring)
                                (no ring)
                                (no ring)

@: lethally poisoned (0 -> -11)
A: almost no armour, stealthy swim, amphibious, 8 rings, constrict 8, thin
metallic scales 1, camouflage 1, mutation resistance 1, gelatinous body 1
a: no special abilities


You were on level 1 of the Dungeon.
You were not hungry.

You visited 1 branch of the dungeon, and saw 1 of its levels.

You collected 39 gold pieces.

Inventory:

Hand Weapons
 a - a +0 war axe (weapon)
Armour
 b - a +0 shield (worn)
Jewellery
 f - an amulet of the gourmand (around mantle)
Scrolls
 e - 2 scrolls of identify {unknown}
 g - a scroll of enchant weapon {unknown}
 h - a scroll of fog {unknown}
 i - a scroll of noise {unknown}
Potions
 c - a potion of might
Comestibles
 d - 2 rations


   Skills:
 + Level 3.2 Fighting
 * Level 2.7 Axes
 + Level 3.2 Dodging
 + Level 3.2 Shields


You had 2 spell levels left.
You didn't know any spells.
Your spell library was empty.

Dungeon Overview and Level Annotations

Branches:
Dungeon (1/15)

Altars:


Innate Abilities, Weirdness & Mutations

You cannot wear most types of armour.
You are very stealthy in the water. (Stealth+)
You are amphibious.
You can wear up to eight rings at the same time.
You can use your tentacles to constrict eight enemies at once.
Your skin changes colour to match your surroundings (Stealth+).
Your rubbery body absorbs attacks. (AC +1, EV +1)
You are partially covered in thin metallic scales. (AC +2)
You are somewhat resistant to further mutation.


Message History

You feel sick.
* * * LOW HITPOINT WARNING * * *
You feel sick.
Okay, then.
* * * LOW HITPOINT WARNING * * *
You feel sick.
* * * LOW HITPOINT WARNING * * *
You feel sick.
* * * LOW HITPOINT WARNING * * *
You feel sick.
* * * LOW HITPOINT WARNING * * *
You feel sick.
You see here an emerald potion.
j - an emerald potion
* * * LOW HITPOINT WARNING * * *
You feel sick.
It was a potion of mutation.
You feel extremely strange.
You feel genetically stable.
Thin metallic scales grow over part of your body.
You die...

.###.##..#
########(######
.....(...# #(#
.####.#..# #.#
.# .# .# #.# .#
.. # #.#
.#####..
#####)# .....
.. #...#.#
##### ...
#...#.# #
#.@.#'########
#
#......)......
.+
#..........?..
##
+.............
.
#.............
..
#.............
.
#.............
.
#......)......
#.............


There were no monsters in sight!

Vanquished Creatures
  2 oozes (D:1)
  A leopard gecko (D:1)
  2 bats (D:1)
  2 giant cockroaches (D:1)
  6 goblins (D:1)
  A hobgoblin (D:1)
  3 kobolds (D:1)
  3 frilled lizards (D:1)
  6 rats (D:1)
26 creatures vanquished.

Notes
Turn   | Place    | Note
-------+----------+-------------------------------------------
     0 | D:1      | Ijustatesigmund the Octopode Fighter began the quest for
                  | the Orb.
     0 | D:1      | Reached XP level 1. HP: 16/16 MP: 1/1
    57 | D:1      | Reached XP level 2. HP: 21/21 MP: 2/2
   229 | D:1      | Reached XP level 3. HP: 26/26 MP: 3/3
   416 | D:1      | HP: 1/26 [poisoned by a goblin]
   417 | D:1      | Gained mutation: You are somewhat resistant to further
                  | mutation. [potion of mutation]
   417 | D:1      | Gained mutation: You are partially covered in thin metallic
                  | scales. (AC +2) [potion of mutation]
   417 | D:1      | Succumbed to a goblin's poison

Levels and vault maps discovered:
D:1:      zaba_arrival_water, layout_basic, minmay_pentomino_w4

Action                   || total
-------------------------++-------
Melee: War axe           ||    33
       Constrict         ||    11
       Tentacles         ||     4
  Use: Potion            ||     1
 Stab: Sleeping          ||     6
  Eat: Chunk             ||     4
Dodge: Dodged            ||    10
Block: Shield            ||    17

Table legend:
 A = Non-vault XP
 B = Vault XP
 C = Vault XP percentage of total XP
 D = Non-vault monster count
 E = Vault monster count
 F = Vault count percentage of total count
                 A         B        C        D         E       F
            +---------+---------+-------+---------+---------+-------
      Total |      34 |      15 |  30.6 |      19 |       7 |  26.9
            +---------+---------+-------+---------+---------+-------
        D:1 |      34 |      15 |  30.6 |      19 |       7 |  26.9
            +---------+---------+-------+---------+---------+-------
